 Dungeon Sprint DCSS version 0.17-a0-1301-ga863c44 (webtiles) character file.

5453 Kidiri the Unseen (level 10, -4/55 HPs)
             Began as a Spriggan Assassin on June 7, 2015.
             Shot with a silver bolt by a yaktaur (14 damage)
             ... in the Dungeon (Sprint II: "The Violet Keep of Menkaure").
             The game lasted 00:15:41 (1416 turns).

Kidiri the Unseen (Spriggan Assassin)               Turns: 1416, Time: 00:15:41

Health: -4/55      AC:  4    Str: 11    XL:     10   Next: 41%
Magic:  28/29      EV: 33    Int: 14    God:
Gold:   495        SH:  0    Dex: 20    Spells: 3 memorised, 15 levels left

rFire  + . .     SeeInvis +     q - +7 rapier (holy)
rCold  . . .     Clarity  .     c - +0 robe
rNeg   . . .     SustAt   .     (shield restricted)
rPois  .         Gourm    .     (helmet restricted)
rElec  .         Spirit   .     p - +1 cloak of Ucunipt {rF+ MP+9 Str+4}
rCorr  .         Warding  .     (gloves unavailable)
rMut   .         NoTele   +     (boots unavailable)
MR     +....                    (no amulet)
Stlth  ++++++++..               (no ring)
                                (no ring)

@: very quick, somewhat resistant to hostile enchantments, extraordinarily
stealthy
A: unfitting armour, see invisible, herbivore 3, speed 3, slow metabolism 2
a: no special abilities


You were in the Dungeon.
You were not hungry.

You visited 1 branch You collected 1215 gold pieces.
You spent 720 gold pieces at shops.

Inventory:

Hand weapons
 a - a +2 dagger
 b - a +0 blowgun
 q - a +7 rapier of holy wrath (weapon)
Armour
 c - a +0 robe (worn)
 d - a +0 cloak
 o - a +1 cloak of poison resistance
 p - the +1 cloak of Ucunipt (worn) {rF+ MP+9 Str+4}
   (You bought it in a shop in the Dungeon)

   It affects your strength (+4).
   It protects you from fire.
   It affects your magic capacity (+9).
Scrolls
 m - a scroll of blinking
 n - a scroll of recharging {unknown}
 u - a scroll of enchant armour {unknown}
Potions
 j - a potion of haste
 k - 2 potions of magic
 l - a potion of berserk rage
 s - 3 potions of flight {unknown}
 t - a potion of brilliance {unknown}
Books
 r - a book of Maledictions

   Spells                             Type                      Level
   a - Corona                         Hexes                        1
   b - Ensorcelled Hibernation        Hexes/Ice                    2
   c - Confuse                        Hexes                        3
   d - Tukima's Dance                 Hexes                        3
   e - Dazzling Spray                 Conjuration/Hexes            3
Comestibles
 g - a bread ration


   Skills:
 + Level 7.1 Fighting
 * Level 12.8 Short Blades
 + Level 9.4 Throwing
 * Level 15.8 Dodging
 * Level 17.6 Stealth
 + Level 6.0 Spellcasting
 + Level 6.2 Hexes
 + Level 4.2 Ice Magic


You had 15 spell levels left.
You knew the following spells:

 Your Spells              Type           Power        Failure   Level  Hunger
a - Corona                Hex            ###....      1%          1    None
b - Ensorcelled Hibernat  Hex/Ice        ###...       2%          2    #......
c - Confuse               Hex            ###.....     4%          3    ###....


Dungeon Overview and Level Annotations

Branches:
Dungeon (1/1)

Altars:
Cheibriados
Dithmenos
Elyvilon
Fedhas
Gozag
Kikubaaqudgha
Makhleb
Nemelex Xobeh
Okawaru
Qazlal
Ru
Trog
Vehumet
Xom
Yredelemnul
Zin
The Shining One
Beogh
Jiyva
Lugonu

Shops:
D [(:[%[}:!?[!*=:=

Annotations:
D exclusion: oklob plant


Innate Abilities, Weirdness & Mutations

You are tiny and cannot use many weapons and most armour.
You have supernaturally acute eyesight.
You are a herbivore.
You cover ground extremely quickly.
You need consume almost no food.


Message History

Aim: a yaktaur, wielding an arbalest You shoot a curare-tipped needle.
The curare-tipped needle barely misses the yaktaur.
The yaktaur shoots a silver bolt.
The silver bolt completely misses you.
Firing (i - inventory):
e - 2 poisoned needles (quivered)
Press: ? - help, Shift-Dir - straight line, f/p - yaktaur
Aim: a yaktaur, wielding an arbalest You shoot a poisoned needle.
The poisoned needle hits the yaktaur!
The yaktaur is poisoned.
Firing (i - inventory):
e - a poisoned needle (quivered)
Press: ? - help, Shift-Dir - straight line, f/p - yaktaur
Aim: a yaktaur, wielding an arbalest (poisoned)
You shoot a poisoned needle.
The poisoned needle barely misses the yaktaur.
You close the door.
A yaktaur opens the door.
Wield which item (- for none, * to show all)? (? for menu, Esc to quit)
It softly glows with a divine radiance!
q - a +7 rapier of holy wrath (weapon)
The yaktaur shoots a silver bolt.
The silver bolt hits you!
You die...

# ≈§§§§§§##§...### ## §≈≈≈
e≈.....###
≈#+++#+++#####^...#%##
≈.........#..'....#.%#
≈wX##'##..#..####^#%%#
≈≈###.###.####%%'.##.#
≈≈#..#..# ...#.%#...####
####.#.####..#####..##$#
#.###'###.##..#(@'c(#..#
.#.##.##...#..#..#..#..#
##.+.<.'###'..####^.##(#
#..##.##...#....###^..##▓▓
#.###'###.##§.....≈≈≈(≈≈≈≈≈≈≈
####.).####≈§.....≈#+########
≈≈#..#..#≈≈≈§≈≈≈..≈#..._._._#
#≈##...##≈≈≈§§§§≈X≈#.._._._.#
#≈≈##'##≈≈≈≈≈§§≈≈≈≈#._._._._#


You could see a yaktaur.

Vanquished Creatures
  A crystal guardian (D)
  An ice dragon (D)
  2 death drakes (D)
  A siren (D)
  3 polar bears (D)
  A blink frog (D)
  2 boulder beetles (D)
  3 yaks (D)
  3 black bears (D)
  2 swamp drakes (D)
  A wasp (D)
  4 brain worms (D)
  4 worker ants (D)
28 creatures vanquished.

Vanquished Creatures (others)
  Menkaure (D)
  12 tentacles (D)
  85 tentacle segments (D)
98 creatures vanquished.

Grand Total: 126 creatures vanquished

Notes
Turn   | Place    | Note
--------------------------------------------------------------
     0 | D        | Kidiri the Spriggan Assassin began the quest for the Orb.
     0 | D        | Reached XP level 1. HP: 10/10 MP: 2/2
     1 | D        | Noticed a worker ant
     1 | D        | Noticed a worker ant
     1 | D        | Noticed a worker ant
     1 | D        | Noticed a worker ant
     4 | D        | Killed a worker ant
     4 | D        | Reached skill level 7 in Stealth
     4 | D        | Reached XP level 2. HP: 13/15 MP: 3/3
     5 | D        | Killed a worker ant
     5 | D        | Reached skill level 5 in Dodging
     5 | D        | Reached XP level 3. HP: 15/19 MP: 4/4
     9 | D        | Killed a worker ant
     9 | D        | Reached skill level 5 in Short Blades
     9 | D        | Reached skill level 8 in Stealth
     9 | D        | Reached XP level 4. HP: 18/23 MP: 5/5
    27 | D        | Killed a worker ant
    27 | D        | Reached skill level 9 in Stealth
    44 | D        | Killed Menkaure
   286 | D        | Noticed a brain worm
   286 | D        | Noticed a brain worm
   286 | D        | Noticed a brain worm
   286 | D        | Noticed a brain worm
   289 | D        | Killed a brain worm
   289 | D        | Reached XP level 5. HP: 26/28 MP: 6/6
   292 | D        | Killed a brain worm
   292 | D        | Reached skill level 5 in Throwing
   292 | D        | Reached skill level 10 in Stealth
   302 | D        | Killed a brain worm
   302 | D        | Reached skill level 11 in Stealth
   302 | D        | Reached XP level 6. HP: 26/33 MP: 7/7
   310 | D        | Killed a brain worm
   310 | D        | Reached skill level 10 in Dodging
   388 | D        | Noticed a boulder beetle
   388 | D        | Noticed a boulder beetle
   391 | D        | Killed a boulder beetle
   391 | D        | Reached skill level 12 in Stealth
   391 | D        | Reached XP level 7. HP: 36/38 MP: 8/8
   399 | D        | Killed a boulder beetle
   399 | D        | Reached skill level 13 in Stealth
   408 | D        | Noticed a siren
   434 | D        | Killed a siren
   434 | D        | Reached skill level 5 in Fighting
   434 | D        | Reached skill level 10 in Short Blades
   434 | D        | Reached skill level 14 in Stealth
   434 | D        | Reached XP level 8. HP: 14/43 MP: 9/9
   654 | D        | Noticed an electric eel
   654 | D        | Noticed an electric eel
   654 | D        | Noticed an electric eel
   654 | D        | Noticed an electric eel
   654 | D        | Noticed an electric eel
   656 | D        | Noticed an electric eel
   673 | D        | Noticed a kraken
   684 | D        | Noticed an orange crystal statue
   686 | D        | Noticed a kraken
   700 | D        | Found Abofar's Magic Scroll Emporium.
   700 | D        | Found Tiuch's Distillery.
   700 | D        | Found Huxiwuys's Book Shoppe.
   700 | D        | Found Veclidag's Jewellery Emporium.
   700 | D        | Found Reqen's Distillery.
   700 | D        | Found Zeasif Xejam's Jewellery Emporium.
   700 | D        | Found Zorphose's Antique Armour Shoppe.
   700 | D        | Found Xympulyr's General Store.
   700 | D        | Found Cakoewo's Book Shoppe.
   701 | D        | Found Usoifem's Gadget Shoppe.
   701 | D        | Found Gisadust's Antique Armour Emporium.
   704 | D        | Noticed an electric eel
   705 | D        | Noticed a blink frog
   707 | D        | Killed a blink frog
   716 | D        | Found Waaff's Food Emporium.
   716 | D        | Found Pozu's Antique Armour Shoppe.
   716 | D        | Noticed a fire dragon
   716 | D        | Noticed an oklob plant
   717 | D        | Found Zukiokylae's Antique Weapon Shoppe.
   717 | D        | Found Ypu Zost's Book Shoppe.
   717 | D        | Found Keadi's Antique Armour Emporium.
   719 | D        | Noticed a polar bear
   720 | D        | Noticed a polar bear
   735 | D        | Bought a glowing cloak for 99 gold pieces
   756 | D        | Bought a polished cloak for 199 gold pieces
   766 | D        | Identified the +1 cloak of Ucunipt {rF+ MP+9 Str+4} (You bought it in a shop in the Dungeon)
   768 | D        | Bought a runed rapier for 72 gold pieces
   776 | D        | Bought a book of Maledictions for 350 gold pieces
   778 | D        | Learned a level 1 spell: Corona
   781 | D        | Learned a level 2 spell: Ensorcelled Hibernation
   785 | D        | Learned a level 3 spell: Confuse
   886 | D        | Found a basalt altar of Yredelemnul.
   887 | D        | Found an iron altar of Okawaru.
   887 | D        | Found an opulent altar of Gozag.
   888 | D        | Found a bloodstained altar of Trog.
   888 | D        | Found a white marble altar of Elyvilon.
   912 | D        | Found a shadowy altar of Dithmenos.
   915 | D        | Found a sacrificial altar of Ru.
   915 | D        | Found a blossoming altar of Fedhas.
   915 | D        | Found a roughly hewn altar of Beogh.
   915 | D        | Found a glowing golden altar of the Shining One.
   916 | D        | Found a viscous altar of Jiyva.
   916 | D        | Found a corrupted altar of Lugonu.
   916 | D        | Found a snail-covered altar of Cheibriados.
   917 | D        | Found a burning altar of Makhleb.
   917 | D        | Found a glowing silver altar of Zin.
   917 | D        | Found an ancient bone altar of Kikubaaqudgha.
   918 | D        | Found a sparkling altar of Nemelex Xobeh.
   918 | D        | Found a radiant altar of Vehumet.
   921 | D        | Noticed a yak
   921 | D        | Noticed a yak
   924 | D        | Noticed a yak
   933 | D        | Killed a yak
   933 | D        | Reached skill level 1 in Spellcasting
   933 | D        | Reached skill level 1 in Hexes
   945 | D        | Killed a yak
   945 | D        | Reached skill level 15 in Stealth
   945 | D        | Reached skill level 1 in Ice Magic
   956 | D        | Killed a yak
  1208 | D        | Noticed a swamp drake
  1211 | D        | Noticed a black bear
  1211 | D        | Noticed a black bear
  1212 | D        | Noticed a black bear
  1213 | D        | Killed a black bear
  1214 | D        | Killed a black bear
  1216 | D        | Killed a black bear
  1216 | D        | Reached XP level 9. HP: 48/48 MP: 14/14
  1230 | D        | Noticed a death drake
  1231 | D        | Noticed a death drake
  1231 | D        | Noticed a crystal guardian
  1231 | D        | Noticed a swamp drake
  1232 | D        | Killed a swamp drake
  1234 | D        | Killed a crystal guardian
  1234 | D        | Reached skill level 16 in Stealth
  1235 | D        | Killed a death drake
  1237 | D        | Killed a death drake
  1237 | D        | Reached skill level 15 in Dodging
  1237 | D        | Reached skill level 5 in Spellcasting
  1237 | D        | Reached skill level 5 in Hexes
  1237 | D        | Reached XP level 10. HP: 51/53 MP: 18/18
  1238 | D        | Killed a swamp drake
  1263 | D        | Noticed a deep elf master archer
  1266 | D        | Noticed an ice dragon
  1269 | D        | Killed an ice dragon
  1269 | D        | Reached skill level 17 in Stealth
  1332 | D        | Found a shimmering altar of Xom.
  1332 | D        | Found a stormy altar of Qazlal.
  1333 | D        | Noticed a yaktaur
  1333 | D        | Noticed a wasp
  1333 | D        | Noticed a polar bear
  1334 | D        | Noticed a polar bear
  1334 | D        | Noticed a polar bear
  1355 | D        | Killed a polar bear
  1363 | D        | Killed a wasp
  1382 | D        | Killed a polar bear
  1410 | D        | Killed a polar bear
  1416 | D        | Shot with a silver bolt by a yaktaur

Vault maps used:
D:        the_violet_keep_of_menkaure

Action                   |  1- 3 |  4- 6 |  7- 9 | 10-12 || total
-------------------------+-------+-------+-------+-------++-------
Melee: Dagger            |     3 |    34 |    20 |       ||    57
       Rapier            |       |       |    37 |    47 ||    84
 Fire: Blowgun           |       |     2 |     3 |     9 ||    14
 Cast: Corona            |       |       |     5 |       ||     5
       Ensorcelled Hiber |       |       |     2 |       ||     2
  Use: Potion            |       |       |       |     2 ||     2
 Stab: Sleeping          |     3 |     3 |     9 |     2 ||    17
